 Dungeon Crawl Stone Soup version 0.29-a0-1047-g7c58e119a4 (webtiles) character file.

Game seed: 5732033913221918270

4 ytrimaz the Insei (level 1, 0/15 HPs)
             Began as a Demonspawn Transmuter on Aug 16, 2022.
             Slain by a jackal (3 damage)
             ... on level 1 of the Dungeon.
             The game lasted 00:00:13 (235 turns).

ytrimaz the Insei (Demonspawn Transmuter)            Turns: 235, Time: 00:00:14

Health: 0/15       AC:  2    Str: 10    XL:     1   Next: 50%
Magic:  3/3        EV: 12    Int: 14    God:
Gold:   12         SH:  0    Dex: 13    Spells: 3/4 levels left

rFire   . . .      SeeInvis .     - Unarmed
rCold   . . .      Faith    .   (no shield)
rNeg    . . .      Spirit   .   a - +0 robe
rPois   .          Reflect  .   (no helmet)
rElec   .          Harm     .   (no cloak)
rCorr   .          Rampage  .   (no gloves)
Will    .....                   (no boots)
Stlth   +.........              (no amulet)
HPRegen 0.05/turn               (no ring)
MPRegen 0.08/turn               (no ring)

@: no status effects
A: no striking features
a: no special abilities


You were on level 1 of the Dungeon.
You visited 1 branch of the dungeon, and saw 1 of its levels.

You collected 12 gold pieces.

Inventory:

Armour
 a - a +0 robe (worn)
Scrolls
 c - a scroll of silence {unknown}
 d - a scroll of fog {unknown}
Potions
 b - a potion of lignification


   Skills:
 - Level 1.0 Fighting
 - Level 1.7 Dodging
 + Level 2.9 Unarmed Combat
 + Level 2.0 Spellcasting
 - Level 1.7 Transmutations


You had 3 spell levels left.
You knew the following spells:

 Your Spells              Type           Power      Damage    Failure   Level
a - Beastly Appendage     Tmut           12%        N/A       12%         1

Your spell library contained the following spells:

 Spells                   Type           Power      Damage    Failure   Level
 Wereblood                Tmut           6%         N/A       17%         2
 Spider Form              Tmut/Pois      3%         N/A       45%         3
 Ice Form                 Ice/Tmut       3%         N/A       86%         4


Dungeon Overview and Level Annotations

Branches:
Dungeon (1/15)

Altars:


Message History

HP restored.
Your horns disappear.
Your talons disappear.
A ball python comes into view.
A ball python is nearby!
The ball python hisses angrily.
The ball python bites you but does no damage.
The ball python grabs you. The ball python constricts you.
The ball python bites you but does no damage.
The ball python constricts you.
A ball python is nearby!
You hit the ball python.
You kill the ball python!
You grow a pair of large bovine horns.
Your feet morph into talons.
You see here a ball python corpse.
No target in view!
Your transformation is almost over.
Your horns disappear.
Your talons disappear.
d - a scroll labelled PULIQI JOEW No target in view!
You now have 12 gold pieces (gained 5).
A bat and a jackal come into view.
Found 5 gold pieces.
Found a faded altar of an unknown god.
The bat closely misses you.
You hit the bat.
The bat is severely wounded.
The bat barely misses you. The bat hits you.
A jackal is nearby!
A jackal is nearby!
You hit the jackal but do no damage. The jackal barely misses you.
The bat closely misses you.
You closely miss the bat.
The bat is severely wounded.
The bat hits you but does no damage. The jackal bites you. x2
You closely miss the jackal. The bat hits you. The jackal bites you.
The bat hits you.
You closely miss the jackal. The bat hits you. The jackal bites you.
* * * LOW HITPOINT WARNING * * *
Unknown command.
You closely miss the jackal. The jackal bites you.
You die...

+#+#. .... # .#.# #.
##..# #$ ...# . #. #..#
... #..##..##.....
#....#@h..# #.##$.#
###############..# ..._
.................# #...
### .................#
.# ..###
######'########..# .
#.##.
##.........####..####.#
#.##.
...8.....8...##.......#
#.##.
.8...#+#...8..#..####.#
#....


You could see a jackal.

Vanquished Creatures
  An endoplasm (D:1)
  A giant cockroach (D:1)
  A ball python (D:1)
  A rat (D:1)
4 creatures vanquished.

Notes
Turn   | Place    | Note
-------+----------+-------------------------------------------
     0 | D:1      | ytrimaz the Demonspawn Transmuter began the quest for the
                  | Orb.
     0 | D:1      | Reached XP level 1. HP: 15/15 MP: 3/3
   229 | D:1      | Found a faded altar of an unknown god.
   235 | D:1      | Slain by a jackal

Illustrated notes

Levels and vault maps discovered:
D:1:      dpeg_arrival_refuge, layout_loops_corners,
          ebering_ecumenical_altar_box, nrook_campfire, minmay_rat_gold_closets

Action                   || total
-------------------------++-------
Melee: Unarmed           ||    14
       Kick              ||     3
 Cast: Beastly Appendage ||     4
Armor: Robe              ||     3
Dodge: Dodged            ||     8

Table legend: (Time is in decaauts)
 A = Elapsed time spent in this place.
 B = Non-inter-level travel time spent in this place.
 C = Inter-level travel time spent in this place.
 D = Time resting spent in this place.
 E = Time spent auto-exploring this place.
 F = Levels seen in this place.
 G = Mean time per level.
                   A        B        C        D        E       F      G
               +--------+--------+--------+--------+--------+-----+--------+
         Total |    234 |    234 |      0 |      0 |    199 |   1 |  234.0 |
       Dungeon |    234 |    234 |      0 |      0 |    199 |   1 |  234.0 |
               +--------+--------+--------+--------+--------+-----+--------+

Top non-repeatable levels by time:
     D:1: 234 daAuts
